 Dungeon Crawl Stone Soup version 0.31-a0-271-gb88eb75e06 (webtiles) character file.

Game seed: 11854115624682746947

2034 Newt the Fighter (level 9, -2/66 HPs)
             Began as a Demonspawn Gladiator on July 14, 2023.
             Was a Follower of Hepliaklqana.
             Succumbed to a gnoll sergeant zombie's poison
             ... on level 6 of the Dungeon.
             The game lasted 00:06:45 (5157 turns).

Newt the Fighter (Demonspawn Gladiator)             Turns: 5157, Time: 00:06:45

Health: -2/66      AC: 19    Str: 19    XL:     9   Next: 3%
Magic:  9/9        EV: 12    Int: 10    God:    Hepliaklqana [*.....]
Gold:   323        SH:  4    Dex: 14    Spells: 8/8 levels left

rFire   . . .        y - +2 flail (protect)
rCold   . . .        (no shield)
rNeg    . . .        b - +0 leather armour
rPois   .            c - +0 helmet
rElec   .            z - +2 cloak {Stlth+}
rCorr   .            (no gloves)
SInv    .            t - +0 pair of boots
Will    .....        (no amulet)
Stlth   ++           f - +4 ring of protection
HPRegen 0.31/turn    g - +4 ring of slaying
MPRegen 0.11/turn

%: no passive effects
@: lethally poisoned (-2 -> -17), on berserk cooldown, slowed, invisible, very
slow
A: reduced essence, claws 2, molten scales 1, icemail 1, spiny 2, condensation
shield
a: Renounce Religion, Recall Ancestor, Ancestor Identity


You were on level 6 of the Dungeon.
You worshipped Hepliaklqana.
Hepliaklqana was aware of your devotion.
You visited 2 branches of the dungeon, and saw 7 of its levels.

You collected 323 gold pieces.

Inventory:

Hand Weapons
 a - a +1 rapier
 u - a +3 flail of draining
 y - a +2 flail of protection (weapon)
Missiles
 d - 3 throwing nets (quivered)
 e - a javelin
 l - 8 boomerangs
Armour
 b - a +0 leather armour (worn)
 c - a +0 helmet (worn)
 j - a +0 kite shield
 k - a +0 pair of gloves
 t - a +0 pair of boots (worn)
 x - a +0 cloak
 z - a +2 cloak of stealth (worn)
Jewellery
 f - a +4 ring of protection (left claw)
 g - a +4 ring of slaying (right claw)
 m - a +5 ring of evasion
 s - the ring "Neischesch" {Will+ Int+7 Dex-3}
   (You found it on level 3 of the Dungeon)

   [ring of willpower]

   Int:       It affects your intelligence (+7).
   Dex:       It affects your dexterity (-3).
   Will:      It increases your willpower.
 C - a +4 ring of protection
Wands
 r - a wand of quicksilver (5)
 B - a wand of flame (11)
Potions
 h - a potion of mutation
 i - a potion of brilliance
 n - a potion of lignification
 p - a potion of curing {unknown}
 q - a potion of enlightenment
 v - a potion of heal wounds {unknown}
 A - a potion of resistance


   Skills:
 - Level 8.0 Fighting
 - Level 2.6 Short Blades
 + Level 5.0 Maces & Flails
 - Level 1.7 Throwing
 - Level 4.0 Armour
 - Level 2.6 Dodging
 - Level 5.0 Evocations


You had 8 spell levels left.
You didn't know any spells.
Your spell library contained the following spells:

 Spells                   Type           Power      Damage    Failure   Level
 Call Canine Familiar     Summ           0%         N/A       78%         3
 Portal Projectile        Hex/Tloc       0%         N/A       78%         3
 Tukima's Dance           Hex            0%         N/A       78%         3
 Leda's Liquefaction      Hex/Erth       0%         N/A       99%         4
 Passage of Golubria      Tloc           0%         N/A       99%         4
 Yara's Violent Unravell  Hex/Tmut       0%         3d3       100%        5


Dungeon Overview and Level Annotations

Branches:
Dungeon (6/15)             Temple (1/1) D:4

Altars:
Ashenzari
Cheibriados
Dithmenos
Fedhas
Gozag
Hepliaklqana
Kikubaaqudgha
Makhleb
Qazlal
Ru
Sif Muna
Trog
Uskayaw
Vehumet
Wu Jian
Xom
Yredelemnul

Shops:
D:1 (   D:3 =

Annotations:
D:6 1 transporter


Innate Abilities, Weirdness & Mutations

Your life essence is reduced to manifest your ancestor. (-10% HP)
You have very sharp fingernails.
You are partially covered in molten scales. (AC +2)
A meltable icy envelope protects you from harm. (AC +4)
You are mostly covered in sharp spines.
A meltable shield of frost defends you. (SH +4)


Message History

The orc warrior zombie is struck by your spines.
The orc warrior zombie hits you but does no damage.
You are lethally poisoned!
The gnoll sergeant zombie hits you but does no damage.
You are more poisoned.
It was a potion of berserk rage.
A red film seems to cover your vision as you go berserk!
You feel yourself moving faster!
You feel mighty!
* * * LOW HITPOINT WARNING * * *
You feel extremely sick.
Xochitl closely misses the orc warrior zombie.
The orc warrior zombie closely misses you.
You barely miss the orc warrior zombie.
The orc warrior zombie is almost destroyed.
* * * LOW HITPOINT WARNING * * *
You feel very sick.
The gnoll sergeant zombie hits you but does no damage.
You are more poisoned.
Xochitl hits the orc warrior zombie.
The orc warrior zombie is destroyed!
You are too berserk!
* * * LOW HITPOINT WARNING * * *
You feel very sick.
Xochitl hits the gnoll sergeant zombie!
You feel a strong urge to attack something.
* * * LOW HITPOINT WARNING * * *
You feel very sick.
There is a lethal amount of poison in your body!
* * * LOW HITPOINT WARNING * * *
You feel very sick.
Xochitl hits the gnoll sergeant zombie.
The gnoll sergeant zombie hits Xochitl with a +0 spear of venom.
You feel your anger nearly subside.
You are no longer berserk.
You are exhausted.
You feel yourself slow down.
* * * LOW HITPOINT WARNING * * *
You feel very sick.
It was a potion of invisibility.
You fade into invisibility!
You die...

#.#......##.##....#.
#######.#....#.##.##.##...
#..............##.........
#.#####..©.#...##.##.##...
#.# #########....##.##.#.
#.# #°○°○°○.#<.........#.
#.# #°.○○°.○#.........)..
#.# #○○#©#○○#######.##.##
########.# #°°.@.°°# #.##.#
.........# #○°#.#°○# #.##.#
########.# #○°.R..°# #.##.#
#.# ###°☼Z### #.##.# ######
#.###○°°○○°○.Z# #....#
.....# #...#°°○°○°☼○.#
#..### ####.#
###.#○°○...○°.######..#
#.#####.#○○○$($○☼○#.......#
#.#.....#○○°!©$.°○#######.#


You could see the friendly Xochitl the ancestor and a gnoll sergeant zombie
(unable to see you, ally target).

Vanquished Creatures
  Menkaure (D:4)
  3 water moccasins
  An ice beast (D:6)
  2 ogres
  2 centaurs (D:6)
  A phantom (D:5)
  2 bullfrogs
  A scorpion (D:4)
  5 wights (D:6)
  The ghost of GoodGuyCap the Chopper, a weakling HOMo (D:4)
  4 hounds
  A gnoll bouda (D:6)
  5 iguanas
  3 orc wizards
  5 adders
  4 gnolls (D:6)
  An orc zombie (D:6)
  A shadow imp (D:5)
  2 white imps (D:6)
  3 dart slugs
  12 orcs
  7 ball pythons
  5 bats
  11 endoplasms
  6 giant cockroaches
  6 goblins
  4 hobgoblins
  6 jackals
  10 quokkas
  A frilled lizard (D:1)
  4 kobolds
  7 rats
127 creatures vanquished.

Vanquished Creatures (collateral kills)
  2 iguanas (D:5)
  An orc zombie (D:6)
3 creatures vanquished.

Vanquished Creatures (others)
  A ghoul (D:1)
  2 demonspawn (D:1)
  A gargoyle (D:1)
  An elf (D:1)
  A vampire (D:1)
  A demigod (D:1)
  A dwarf (D:1)
  An ogre (D:1)
  A gnoll (D:1)
  An orc (D:1)
  A kobold (D:1)
  5 tentacles (D:1)
17 creatures vanquished.

Grand Total: 147 creatures vanquished

Notes
Turn   | Place    | Note
-------+----------+-------------------------------------------
     0 | D:1      | Newt the Demonspawn Gladiator began the quest for the Orb.
     0 | D:1      | Reached XP level 1. HP: 16/16 MP: 1/1
     0 | D:1      | Noticed a vampire
     0 | D:1      | Noticed a ghoul
     0 | D:1      | Noticed a demonspawn
     0 | D:1      | Noticed a dwarf
     0 | D:1      | Noticed a kraken
     0 | D:1      | Noticed a gargoyle
     0 | D:1      | Noticed an ogre
     0 | D:1      | Noticed an elf
     0 | D:1      | Noticed a demigod
     0 | D:1      | Noticed a demonspawn
     5 | D:1      | Killed a ghoul
     5 | D:1      | Killed a vampire
     6 | D:1      | Killed a dwarf
     8 | D:1      | Killed a gargoyle
     8 | D:1      | Killed an elf
    11 | D:1      | Killed a demigod
    12 | D:1      | Killed an ogre
    12 | D:1      | Killed a demonspawn
    15 | D:1      | Killed a demonspawn
   102 | D:1      | Gained mutation: You are partially covered in sharp spines.
                  | [demonic ancestry]
   102 | D:1      | Reached XP level 2. HP: 23/23 MP: 2/2
   208 | D:1      | Reached skill level 3 in Fighting
   443 | D:1      | Reached XP level 3. HP: 29/29 MP: 3/3
   521 | D:1      | Found Jafautis's Weapon Emporium.
  1045 | D:2      | Found an opulent altar of Gozag.
  1116 | D:2      | Reached skill level 4 in Fighting
  1259 | D:2      | Gained mutation: You are partially covered in molten
                  | scales. (AC +2) [demonic ancestry]
  1259 | D:2      | Reached XP level 4. HP: 35/38 MP: 4/4
  1975 | D:3      | Found a snail-covered altar of Cheibriados.
  2155 | D:3      | Found a faded altar of an unknown god.
  2174 | D:3      | Found Beca's Jewellery Shop.
  2185 | D:3      | Identified the ring "Neischesch" {Will+ Int+7 Dex-3}
  2558 | D:3      | Reached skill level 5 in Fighting
  2567 | D:3      | Reached skill level 1 in Maces & Flails
  2580 | D:3      | Gained mutation: A meltable shield of frost defends you.
                  | (SH +4) [demonic ancestry]
  2580 | D:3      | Reached XP level 5. HP: 35/44 MP: 5/5
  2724 | D:4      | Found a staircase to the Ecumenical Temple.
  2757 | Temple   | Entered the Ecumenical Temple
  2772 | Temple   | Became a worshipper of Hepliaklqana the Forgotten
  2807 | D:4      | Gained mutation: A meltable icy envelope protects you from
                  | harm. (AC +4) [demonic ancestry]
  2807 | D:4      | Reached XP level 6. HP: 49/51 MP: 6/6
  2887 | D:4      | Reached skill level 5 in Maces & Flails
  2963 | D:4      | Found a runed translucent door.
  2967 | D:4      | Noticed GoodGuyCap's ghost (weakling HOMo)
  2974 | D:4      | Noticed Menkaure
  2983 | D:4      | Killed Menkaure
  2984 | D:4      | Gained mutation: You are mostly covered in sharp spines.
                  | [demonic ancestry]
  2984 | D:4      | Reached XP level 7. HP: 25/56 MP: 7/7
  3276 | D:4      | Killed GoodGuyCap's ghost
  3294 | D:5      | Entered Level 5 of the Dungeon
  3452 | D:5      | Found an opulent altar of Gozag.
  3478 | D:5      | You fall into a shaft and drop 1 floor!
  3534 | D:6      | Reached skill level 6 in Fighting
  3534 | D:6      | Gained mutation: You have sharp fingernails. [demonic
                  | ancestry]
  3534 | D:6      | Reached XP level 8. HP: 41/64 MP: 8/8
  3708 | D:6      | Reached * piety under Hepliaklqana
  3743 | D:6      | Found a broken altar of Ashenzari.
  3779 | D:5      | Reached skill level 7 in Fighting
  3874 | D:5      | Found a basalt altar of Yredelemnul.
  4349 | D:6      | Found a transporter.
  4355 | D:6      | Reached skill level 8 in Fighting
  4355 | D:6      | Reached skill level 1 in Evocations
  4981 | D:6      | Gained mutation: You have very sharp fingernails. [demonic
                  | ancestry]
  4981 | D:6      | Reached XP level 9. HP: 66/66 MP: 9/9
  5065 | D:6      | Found a transporter.
  5141 | D:6      | Reached skill level 5 in Evocations
  5156 | D:6      | HP: 2/66 [poisoned by a gnoll sergeant zombie]
  5157 | D:6      | Succumbed to a gnoll sergeant zombie's poison

Illustrated notes

Levels and vault maps discovered:
D:1:      nicolae_arrival_kraken_aquarium_a, layout_loops_ring, serial_shops,
          nicolae_shop_rolling_square
D:2:      layout_basic, basic_altar, serial_aquarium,
          aquarium_bridge_long_joined [aquarium_subvault_bridge,
          aquarium_subvault_bridge, aquarium_subvault_bridge,
          aquarium_subvault_wall, aquarium_subvault_bridge,
          aquarium_subvault_balcony], aquarium_window_corner, aquarium_window_1,
          aquarium_window_2, aquarium_window_2, aquarium_view_2e,
          aquarium_view_2a, aquarium_pool_1
D:3:      layout_basic, nicolae_overflow_crystal_walls,
          dreamdust_ecumenical_altar_statues, serial_shops,
          nicolae_shop_just_a_little_nook, dreamdust_princess_bridge
D:4:      layout_cave_pools, minmay_temple_entry_purple_smoke,
          gammafunk_ghost_grave, minmay_misc_feat_four_crosses, uniq_menkaure
D:5:      layout_cave_pods, mainiacjoe_overflow_cross_hatched,
          nicolae_gozag_seed_capital, portal_sewer_entry_b
D:6:      gammafunk_cloud_chamber, layout_loops_ring,
          ashenzari_conservatory_becter
Temple:   minmay_freezing_vapour_temple

Skill      XL: |  1  2  3  4  5  6  7  8  9 |
---------------+----------------------------+-----
Fighting       | 3 4 5 6 8 |  8.0
Maces & Flails | 1 3 5 |  5.0
Armour         | 2 4 |  4.0
Evocations     | 4 5 |  5.0
Short Blades   | |  2.6
Throwing       | |  1.7
Dodging        | |  2.6

Action                     |  1- 3 |  4- 6 |  7- 9 || total
---------------------------+-------+-------+-------++-------
  Melee: Rapier            |   109 |    73 |       ||   182
         Punch             |     1 |     1 |       ||     2
         Flail             |       |    26 |   114 ||   140
    Use: Scroll            |     3 |     4 |     5 ||    12
         Potion            |       |       |     3 ||     3
   Stab: Sleeping          |     1 |     2 |     3 ||     6
         Distracted        |       |     1 |       ||     1
 Armour: Leather armour    |    37 |    38 |    42 ||   117
  Dodge: Dodged            |    59 |    53 |    57 ||   169
  Block: Other             |       |     9 |    20 ||    29

Table legend: (Time is in decaauts)
 A = Elapsed time spent in this place.
 B = Non-inter-level travel time spent in this place.
 C = Inter-level travel time spent in this place.
 D = Time resting spent in this place.
 E = Time spent auto-exploring this place.
 F = Levels seen in this place.
 G = Mean time per level.
                   A        B        C        D        E       F      G
               +--------+--------+--------+--------+--------+-----+--------+
         Total |   5192 |   4983 |    209 |    326 |   3754 |   7 |  741.7 |
       Dungeon |   5171 |   4968 |    203 |    326 |   3744 |   6 |  861.8 |
        Temple |     20 |     15 |      5 |      0 |     10 |   1 |   20.0 |
               +--------+--------+--------+--------+--------+-----+--------+

Top non-repeatable levels by time:
     D:6: 1114 daAuts
     D:2: 1078 daAuts
     D:3: 855 daAuts
     D:1: 783 daAuts
     D:5: 764 daAuts
     D:4: 575 daAuts
  Temple: 20 daAuts
